 Dungeon Crawl Stone Soup version 0.24-a0-586-g8e0e932a4c (webtiles) character file.

Game seed: 8625379276356012260, levelgen mode: deterministic

44 Holzbalken the Cudgeler (level 3, 0/40 HPs)
             Began as a Demonspawn Gladiator on Sept 8, 2019.
             Succumbed to an adder's poison
             ... on level 2 of the Dungeon.
             The game lasted 00:03:05 (1400 turns).

Holzbalken the Cudgeler (Demonspawn Gladiator)      Turns: 1400, Time: 00:03:06

Health: 0/40       AC: 10    Str: 20    XL:     3   Next: 41%
Magic:  3/3        EV: 12    Int: 14    God:
Gold:   23         SH:  0    Dex: 14    Spells: 2/2 levels left

rFire    . . .     SeeInvis .   s - +0 flail (protect)
rCold    . . .     Gourm    .   (no shield)
rNeg     . . .     Faith    .   b - +0 leather armour
rPois    .         Spirit   .   (helmet restricted)
rElec    .         Reflect  .   (no cloak)
rCorr    .         Harm     .   (no gloves)
MR       .....                  (no boots)
Stlth    ..........             (no amulet)
HPRegen  0.13/turn              (no ring)
MPRegen  0.08/turn              (no ring)

@: brilliant, berserking (expiring), lethally poisoned (0 -> -5), protection
aura, very quick
A: antennae 1
a: no special abilities


You were on level 2 of the Dungeon.
You were hungry.

You visited 1 branch of the dungeon, and saw 2 of its levels.

You collected 23 gold pieces.

Inventory:

Hand Weapons
 a - a +0 flail
 s - a +0 flail of protection (weapon)
Missiles
 d - 3 throwing nets (quivered)
Armour
 b - a +0 leather armour (worn)
 c - a +0 helmet
Jewellery
 q - an uncursed amulet of faith {unknown}
 t - an uncursed ring of protection from fire {unknown}
Scrolls
 h - 2 scrolls of enchant armour {unknown}
 m - a scroll of identify {unknown}
 n - a scroll of enchant weapon {unknown}
Potions
 e - a potion of resistance {unknown}
 g - a potion of curing {unknown}
 i - a potion of heal wounds {unknown}
 j - a potion of might {unknown}
 l - a potion of brilliance
 o - a potion of degeneration {unknown}
 p - a potion of lignification {unknown}
 r - a potion of agility {unknown}
Comestibles
 f - 4 rations


   Skills:
 - Level 2.0 Fighting
 + Level 4.1 Maces & Flails
 - Level 1.7 Throwing
 - Level 2.6 Dodging


You had 2 spell levels left.
You didn't know any spells.
Your spell library was empty.

Dungeon Overview and Level Annotations

Branches:
Dungeon (2/15)

Altars:


Innate Abilities, Weirdness & Mutations

You have a pair of small antennae on your head.


Message History

You feel sick.
You closely miss the adder.
* * * LOW HITPOINT WARNING * * *
You feel sick. The adder bites you but does no damage.
You barely miss the adder. The adder bites you but does no damage.
The adder barely misses you.
You closely miss the adder.
* * * LOW HITPOINT WARNING * * *
You feel sick. The adder completely misses you.
You barely miss the adder. The adder barely misses you.
You closely miss the adder.
* * * LOW HITPOINT WARNING * * *
You feel sick. The adder barely misses you.
You hit the adder.
Your weapon exudes an aura of protection.
The adder is moderately wounded.
The adder bites you but does no damage.
You closely miss the adder.
The adder is moderately wounded.
You die...

#......# #......#
#......# #......#
#..)...#
################<.....#
....................>.#
#######.########.######
# #.# #@# # #.# ####S#
## #.# #...S####### ###
.# #.# #..........#
.... .## #.#
#..........# ... ..#
#.# #..........# ...
#.## #.#
####.......###.##+##
...# #.#
#.....[...#.....# ...#
#.# #.......#.#.....#


You could see 2 adders.

Vanquished Creatures
  An adder (D:2)
  A worm (D:2)
  2 dart slugs (D:1)
  2 orcs (D:2)
  2 giant cockroaches
  5 goblins
  2 hobgoblins
  A bat (D:2)
  4 kobolds
  6 rats
26 creatures vanquished.

Notes
Turn   | Place    | Note
-------+----------+-------------------------------------------
     0 | D:1      | Holzbalken the Demonspawn Gladiator began the quest for the
                  | Orb.
     0 | D:1      | Reached XP level 1. HP: 16/16 MP: 1/1
   153 | D:1      | Reached skill level 3 in Maces & Flails
   201 | D:1      | Gained mutation: You have a pair of small antennae on your
                  | head. [demonic ancestry]
   201 | D:1      | Reached XP level 2. HP: 19/22 MP: 2/2
  1216 | D:2      | Reached XP level 3. HP: 27/27 MP: 3/3
  1240 | D:2      | Reached skill level 4 in Maces & Flails
  1396 | D:2      | HP: 2/40 [poisoned by an adder]
  1400 | D:2      | Succumbed to an adder's poison

Levels and vault maps discovered:
D:1:      tarquinn_simple_flora_water_b, layout_basic
D:2:      layout_basic

Skill      XL: |  1  2  3 |
---------------+----------+-----
Maces & Flails | 3 4 |  4.1
Fighting       | |  2.0
Throwing       | |  1.7
Dodging        | |  2.6

Action                   || total
-------------------------++-------
Melee: Flail             ||    68
  Use: Potion            ||     2
  Eat: Chunk             ||     1
Armor: Leather armour    ||    25
Dodge: Dodged            ||    53

Table legend:
 A = Non-vault XP
 B = Vault XP
 C = Vault XP percentage of total XP
 D = Non-vault monster count
 E = Vault monster count
 F = Vault count percentage of total count
                 A         B        C        D         E       F
            +---------+---------+-------+---------+---------+-------
      Total |      64 |       0 |   0.0 |      26 |       0 |   0.0
            +---------+---------+-------+---------+---------+-------
        D:1 |      23 |       0 |   0.0 |      12 |       0 |   0.0
        D:2 |      41 |       0 |   0.0 |      14 |       0 |   0.0
            +---------+---------+-------+---------+---------+-------
